 Dungeon Crawl Stone Soup version 0.31-a0-1626-g5cb510d322 (webtiles) character file.

Game seed: 4041231109570825544

1141 Malachi the Changeling (level 8, 0/54 HPs)
             Began as an Octopode Shapeshifter on Jan 12, 2024.
             Was a Follower of Vehumet.
             Slain by a centaur (1 damage)
             ... on level 6 of the Dungeon.
             The game lasted 00:07:07 (6490 turns).

Malachi the Changeling (Octopode Shapeshifter)      Turns: 6490, Time: 00:07:09

Health: 0/54       AC:  1    Str: 14    XL:     8   Next: 37%
Magic:  8/8        EV: 14    Int: 12    God:    Vehumet [*.....]
Gold:   256        SH:  0    Dex: 13    Spells: 7/7 levels left

rFire   . .          .
                       - Unarmed
rCold   . . .        (no shield)
rNeg    . . .        (helmet currently unavailable)
rPois   .            (no amulet)
rElec   .            w - ring of flight
rCorr   .            (no ring)
SInv    .            (no ring)
Will    .....        (no ring)
Stlth   ++++         (no ring)
HPRegen 0.29/turn    (no ring)
MPRegen 0.11/turn    (no ring)
                     (no ring)

%: no passive effects
@: beast-form, attractive, flying, studying Dodging
A: beast (slay +3), almost no armour, amphibious, 8 rings, camouflage 1,
gelatinous body 1, (nimble swimmer 1), tentacles
a: Begin Untransformation, Renounce Religion


You were on level 6 of the Dungeon.
You worshipped Vehumet.
Vehumet was aware of your devotion.
You were a hulking beast.
You visited 1 branch of the dungeon, and saw 6 of its levels.

You collected 278 gold pieces.
You spent 22 gold pieces at shops.

Inventory:

Hand Weapons
 r - a +1 dagger of venom
Missiles
 h - 2 curare-tipped darts (quivered)
 n - 5 javelins
 y - a throwing net
Jewellery
 w - a ring of flight (left tentacle)
Talismans
 b - a beast talisman
 c - a flux talisman
 v - a maw talisman
 B - a granite talisman
Wands
 j - a wand of charming (7)
 o - a wand of flame (27)
 s - a wand of polymorph (6)
Scrolls
 g - 2 scrolls of immolation
 k - a scroll of teleportation
 l - 2 scrolls of silence
 q - a scroll of blinking
 u - a scroll of poison
 x - a scroll of revelation
Potions
 a - a potion of lignification
 f - 3 potions of attraction
 i - 3 potions of curing {unknown}
 m - 3 potions of heal wounds {unknown}
 p - a potion of enlightenment {unknown}
 t - a potion of invisibility {unknown}
 z - a potion of might {unknown}
 A - 2 potions of brilliance {unknown}


   Skills:
 + Level 4.2 Fighting
 + Level 4.8 Dodging
 - Level 5.0 Stealth
 + Level 5.0 Unarmed Combat
 * Level 5.6 Shapeshifting


You had 7 spell levels left.
You didn't know any spells.
Your spell library contained the following spells:

 Spells                   Type           Power      Damage    Failure   Level
 Static Discharge         Conj/Air       0%         3-3/arc   45%         2
 Apportation              Tloc           0%         N/A       32%         1
 Necrotise                Necr           0%         1d4       32%         1
 Slow                     Hex            0%         N/A       32%         1
 Lesser Beckoning         Tloc           0%         N/A       45%         2
 Confusing Touch          Hex            0%         N/A       69%         3
 Gell's Gravitas          Tloc           0%         N/A       69%         3
 Hailstorm                Conj/Ice       0%         3d5       69%         3
 Sigil of Binding         Hex            0%         N/A       69%         3
 Teleport Other           Tloc           0%         N/A       69%         3
 Vampiric Draining        Necr           0%         2d6       69%         3
 Iskenderun's Mystic Bla  Conj/Tloc      0%         2d3       97%         4
 Martyr's Knell           Necr/Summ      0%         N/A       97%         4
 Curse of Agony           Necr           0%         N/A       100%        5


Dungeon Overview and Level Annotations

Branches:
Dungeon (6/15)             Temple (0/1) D:5

Altars:
Makhleb
Nemelex Xobeh
Okawaru
Vehumet

Shops:
D:5 [(*?


Innate Abilities, Weirdness & Mutations

You are a hulking beast.
Your limbs bulge with bestial killing power. (Slay +3)
You cannot wear most types of armour.
You are amphibious.
You can wear up to eight rings at the same time.
Your skin changes colour to match your surroundings (Stealth+).
Your rubbery body absorbs attacks. (AC +1, EV +1)
((You are camouflaged when in or above water. (Stealth+)))
You have tentacles for arms and can constrict up to eight enemies at once.


Message History

The centaur wields a +0 orcbow.
The centaur shoots an arrow.
The arrow hits you!
The centaur shoots an arrow.
The arrow hits you!
The centaur shoots an arrow.
The arrow hits you!
The centaur shoots an arrow.
The arrow closely misses you.
The centaur shoots an arrow.
The arrow barely misses you.
The centaur unwields a +0 orcbow.
The centaur hits you.
* * * LOW HITPOINT WARNING * * *
The centaur barely misses you.
You tentacle-slap the centaur.
The centaur is moderately wounded.
The centaur misses you. The centaur closely misses you.
Your transformation has ended.
You turn into a tree.
Your roots penetrate the ground.
The centaur hits you but does no damage.
The centaur kicks you.
* * * LOW HITPOINT WARNING * * *
The centaur hits you but does no damage.
The centaur kicks you but does no damage.
It was a potion of haste.
You feel yourself speed up.
The centaur hits you but does no damage.
The centaur kicks you but does no damage.
It was a potion of cancellation.
Your magical effects are unravelling.
You feel magically purged.
You feel less wooden.
You turn into a hulking beast.
You feel yourself slow down. The centaur hits you.
* * * LOW HITPOINT WARNING * * *
The centaur kicks you.
* * * LOW HITPOINT WARNING * * *
It was a potion of attraction.
You feel attractive to monsters. The centaur hits you.
* * * LOW HITPOINT WARNING * * *
The centaur closely misses you. The centaur hits you.
* * * LOW HITPOINT WARNING * * *
The centaur kicks you.
You die...

...### .....###
..##...###
..###....## ##
..##......### ..#
.....#......### ....
...###...##...###
##..... ####
#....###...##......^
##...# ##..hcO...../
#######...##.......
##...## #.?....
#...## ...$.# #.###
#.### ### ##


You could see an ogre and a centaur.

Vanquished Creatures
  Grinder (D:4)
  2 centaurs (D:5)
  A phantom (D:5)
  2 scorpions (D:4)
  A howler monkey (D:5)
  A hound (D:6)
  A bombardier beetle (D:4)
  Crazy Yiuf (D:2)
  6 iguanas
  Natasha (thrice) (D:3)
  An orc wizard (D:5)
  A sleepcap (D:4)
  4 gnolls (D:2)
  2 adders
  A shadow imp (D:6)
  A white imp (D:6)
  A dart slug (D:1)
  2 ribbon worms (D:2)
  11 orcs
  6 ball pythons
  7 endoplasms
  3 giant cockroaches
  4 goblins
  13 hobgoblins
  4 jackals (D:2)
  5 quokkas
  8 bats
  A frilled lizard (D:3)
  10 kobolds
  6 rats
110 creatures vanquished.

Notes
Turn   | Place    | Note
-------+----------+-------------------------------------------
     0 | D:1      | Malachi the Octopode Shapeshifter began the quest for the
                  | Orb.
     0 | D:1      | Reached XP level 1. HP: 13/13 MP: 1/1
   237 | D:1      | Reached XP level 2. HP: 18/18 MP: 2/2
   807 | D:1      | Reached XP level 3. HP: 23/23 MP: 3/3
  1271 | D:2      | Reached skill level 1 in Stealth
  1318 | D:2      | Reached XP level 4. HP: 13/29 MP: 4/4
  1328 | D:2      | HP: 1/29 [gnoll/+0 spear (7)]
  1854 | D:2      | Found a runed translucent door.
  1855 | D:2      | Noticed Crazy Yiuf
  2083 | D:2      | Killed Crazy Yiuf
  2084 | D:2      | Reached XP level 5. HP: 24/34 MP: 5/5
  2157 | D:3      | Found a sparkling altar of Nemelex Xobeh.
  2751 | D:3      | Found a faded altar of an unknown god.
  2775 | D:3      | Prayed at the altar of an unknown god.
  2775 | D:3      | Became a worshipper of Vehumet
  2775 | D:3      | Reached * piety under Vehumet
  2775 | D:3      | Offered knowledge of Kiss of Death by Vehumet.
  2843 | D:3      | Noticed Natasha
  2850 | D:3      | Killed Natasha
  2988 | D:3      | Noticed Natasha
  3016 | D:3      | Killed Natasha
  3253 | D:3      | Noticed Natasha
  3259 | D:3      | Killed Natasha
  3260 | D:3      | Reached XP level 6. HP: 36/41 MP: 6/6
  3755 | D:4      | Found a burning altar of Makhleb.
  4008 | D:4      | Noticed Grinder
  4018 | D:4      | Killed Grinder
  4019 | D:4      | Reached XP level 7. HP: 29/46 MP: 7/7
  4348 | D:4      | Got the Lectures on Glaciation and Position
  4770 | D:5      | Entered Level 5 of the Dungeon
  4770 | D:5      | Found Izua's Assorted Antiques.
  4795 | D:5      | Found an iron altar of Okawaru.
  4945 | D:5      | Found a staircase to the Ecumenical Temple.
  4970 | D:5      | Offered knowledge of Static Discharge by Vehumet.
  4975 | D:5      | Reached skill level 5 in Shapeshifting
  4975 | D:5      | Reached XP level 8. HP: 16/54 MP: 8/8
  5213 | D:5      | Reached ** piety under Vehumet
  5214 | D:5      | Reached skill level 5 in Stealth
  5458 | D:5      | Found Las Ape's Weapon Boutique.
  5543 | D:5      | Found Maschyeda's Antique Armour Shoppe.
  5943 | D:5      | Found Sil Ragu's Magic Scroll Shoppe.
  5949 | D:5      | Bought a scroll of identify for 22 gold pieces
  6189 | D:6      | Reached skill level 5 in Unarmed Combat
  6490 | D:6      | HP: 1/54 [centaur (2)]
  6490 | D:6      | Slain by a centaur

Illustrated notes

Levels and vault maps discovered:
D:1:      giann_wishing_wells, layout_basic
D:2:      layout_basic, dk_noncrumbling_2, uniq_crazy_yiuf_cottage
D:3:      minmay_diamond_boxcup, layout_loops_cross, old_standard_altar,
          hellmonk_ecumenical_altar_blasted, uniq_natasha
D:4:      layout_basic, nicolae_overflow_crystal_walls, uniq_grinder
D:5:      layout_loops_corners, kennysheep_mini_moat,
          minmay_temple_entry_steel_oval, serial_shops,
          nicolae_shop_overgrown_old_shop, shop, nicolae_shop_behind_doors,
          nicolae_shop_hallway_plus, minmay_manual_mares
D:6:      layout_cave_pods, ebering_ghost_rock_garden, corexii_leaking_fountain,
          dreamdust_wishing_well, hangedman_abyss_or_decor_passed,
          nrook_loot_triangle

Skill      XL: |  1  2  3  4  5  6  7  8 |
---------------+-------------------------+-----
Stealth        | 1 2 3 4 5 |  5.0
Fighting       | 2 3 4 |  4.2
Dodging        | 3 4 |  4.8
Unarmed Combat | 4 5 |  5.0
Shapeshifting  | 4 5 |  5.6

Action                     |  1- 3 |  4- 6 |  7- 9 || total
---------------------------+-------+-------+-------++-------
  Melee: Unarmed           |    62 |   113 |    66 ||   241
         Tentacles         |    13 |    32 |    14 ||    59
         Constrict         |    15 |    35 |    11 ||    61
         Punch             |     1 |     5 |     4 ||    10
  Throw: Dart              |     1 |     3 |       ||     4
    Use: Scroll            |       |       |     6 ||     6
         Potion            |       |       |     4 ||     4
   Stab: Sleeping          |     9 |    10 |     3 ||    22
         Distracted        |       |     1 |       ||     1
 Armour: Skin              |    22 |    49 |    44 ||   115
  Dodge: Dodged            |    27 |    60 |    54 ||   141

Table legend: (Time is in decaauts)
 A = Elapsed time spent in this place.
 B = Non-inter-level travel time spent in this place.
 C = Inter-level travel time spent in this place.
 D = Time resting spent in this place.
 E = Time spent auto-exploring this place.
 F = Levels seen in this place.
 G = Mean time per level.
                   A        B        C        D        E       F      G
               +--------+--------+--------+--------+--------+-----+--------+
         Total |   6477 |   6278 |    199 |    972 |   4407 |   6 | 1079.5 |
       Dungeon |   6477 |   6278 |    199 |    972 |   4407 |   6 | 1079.5 |
               +--------+--------+--------+--------+--------+-----+--------+

Top non-repeatable levels by time:
     D:4: 1442 daAuts
     D:5: 1327 daAuts
     D:3: 1179 daAuts
     D:1: 1093 daAuts
     D:2: 1048 daAuts
     D:6: 386 daAuts
